 Dungeon Crawl Stone Soup version 0.24-a0-434-gd57e52fea8 (webtiles) character file.

Game seed: 4443389136834314093

333 dricus the Sneak (level 6, 0/37 HPs)
             Began as a Vampire Assassin on June 16, 2019.
             Slain by Purgy (2 damage)
             ... in a sewer.
             The game lasted 00:07:04 (3542 turns).

dricus the Sneak (Vampire Assassin)                 Turns: 3542, Time: 00:07:05

Health: 0/37       AC:  6    Str: 12    XL:     6   Next: 27%
Magic:  6/6        EV: 10    Int: 13    God:
Gold:   60         SH:  0    Dex: 16    Spells: 5/5 levels left

rFire    . . .     SeeInvis +   a - +3 dagger
rCold    + + .     Gourm    .   (no shield)
rNeg     + + +     Faith    .   h - +0 ring mail
rPois    ∞         Spirit   .   (no helmet)
rElec    .         Reflect  .   c - +0 cloak
rCorr    .         Harm     .   (no gloves)
MR       .....                  (no boots)
Stlth    +++++.....             (no amulet)
HPRegen  0.00/turn              (no ring)
MPRegen  0.10/turn              (no ring)

@: bloodless, regenerating quickly, hasted, very quick
A: no food, fangs 3, see invisible, unbreathing
a: Bat Form, Revivify


You were in a sewer.
You were bloodless.

You visited 1 branch of the dungeon, and saw 4 of its levels.
You also visited: Sewer.

You collected 60 gold pieces.

Inventory:

Hand Weapons
 a - a +3 dagger (weapon)
Missiles
 d - 8 poisoned darts (quivered)
 e - 2 curare-tipped darts {!f}
Armour
 c - a +0 cloak (worn)
 g - a cursed +0 leather armour
   (You found it on level 4 of the Dungeon)
 h - a +0 ring mail (worn)
   (You found it on level 1 of the Dungeon)
Jewellery
 i - an uncursed ring of ice {unknown}
   (You found it on level 1 of the Dungeon)
 k - an uncursed amulet of faith {unknown}
   (You found it on level 2 of the Dungeon)
 q - an uncursed ring of protection from magic {unknown}
   (You found it on level 2 of the Dungeon)
Scrolls
 f - 2 scrolls of remove curse {@r2}
 m - 2 scrolls of teleportation {@r4}
Potions
 b - 2 potions of curing {@q1}
 l - a potion of degeneration {unknown}
 o - a potion of agility {unknown}
 r - a potion of heal wounds {unknown}


   Skills:
 + Level 3.3 Fighting
 * Level 5.4 Short Blades
 - Level 1.5 Throwing
 - Level 1.1 Dodging
 + Level 7.7 Stealth


You had 5 spell levels left.
You didn't know any spells.
Your spell library was empty.

Dungeon Overview and Level Annotations

Branches:
Dungeon (4/15)
 Temple: D:4-7

Altars:
Cheibriados
Elyvilon
Fedhas
Kikubaaqudgha

Annotations:
Sewer Purgy


Innate Abilities, Weirdness & Mutations

You do not eat.
You do not regenerate when monsters are visible.
You are frail without blood (-20% HP).
You are immune to poison.
You have razor-sharp teeth.
You have supernaturally acute eyesight. (SInv)
You can survive without breathing.


Message History

You closely miss Purgy. Your bite misses Purgy. You hit Purgy.
Purgy bites you but does no damage. Purgy barely misses you.
Purgy claws you but does no damage.
You hit Purgy. Your bite misses Purgy. Purgy barely misses you.
Purgy claws you. Purgy closely misses you.
The frilled lizard closely misses you.
You hit Purgy. Purgy bites you but does no damage. Purgy barely misses you.
Purgy claws you but does no damage.
You closely miss Purgy.
The frilled lizard hisses.
The frilled lizard barely misses you.
You hit Purgy. Purgy bites you.
* * * LOW HITPOINT WARNING * * *
Purgy misses you. Purgy completely misses you.
The frilled lizard closely misses you.
You hit Purgy. You bite Purgy.
You draw Purgy's blood!
You feel better. Purgy bites you. Purgy barely misses you.
Purgy claws you but does no damage.
The frilled lizard bites you but does no damage.
You barely miss Purgy. You completely miss Purgy. Purgy bites you.
* * * LOW HITPOINT WARNING * * *
Purgy claws you but does no damage. x2; The frilled lizard closely misses you.
You hit Purgy. Purgy bites you.
* * * LOW HITPOINT WARNING * * *
Purgy claws you but does no damage. Purgy closely misses you.
The frilled lizard bites you but does no damage.
You hit Purgy. Purgy bites you.
* * * LOW HITPOINT WARNING * * *
Purgy closely misses you. Purgy barely misses you.
You hit Purgy. You hit Purgy but do no damage.
Purgy bites you but does no damage. Purgy claws you but does no damage. x2
You hit Purgy. Purgy bites you.
* * * LOW HITPOINT WARNING * * *
Purgy claws you.
* * * LOW HITPOINT WARNING * * *
Purgy closely misses you.
You aren't carrying any items that you can evoke.
Unknown command.
You feel better. Purgy completely misses you. Purgy claws you.
* * * LOW HITPOINT WARNING * * *
Purgy claws you but does no damage.
You feel yourself speed up. Purgy bites you.
* * * LOW HITPOINT WARNING * * *
Purgy claws you but does no damage. x2
You hit Purgy. You hit Purgy. Purgy bites you!
* * * LOW HITPOINT WARNING * * *
Purgy claws you.
You die...

≈≈≈≈≈≈≈≈≈≈≈≈≈≈≈≈≈≈≈
####≈≈≈≈≈≈≈≈≈≈≈≈≈≈≈≈≈≈
##≈≈≈≈≈≈≈≈≈≈≈≈≈≈≈≈≈≈≈≈≈
#≈≈≈≈≈≈≈≈≈≈≈≈≈≈≈≈≈≈≈≈≈≈
##≈≈≈≈≈≈≈≈≈≈≈≈≈≈≈≈≈≈≈≈≈≈
##≈≈≈≈≈≈≈≈≈≈≈≈≈.≈≈≈≈≈≈≈≈≈
#≈≈≈≈≈≈≈≈≈≈≈..##.≈.≈≈≈≈≈≈
#≈≈≈≈≈≈≈≈≈l#T######.≈≈≈≈≈
#≈≈≈≈≈≈≈≈..@## #≈≈≈≈
###≈≈≈≈≈≈≈.#### #.≈
#≈≈≈≈≈≈≈.### . #≈≈≈≈≈≈≈##
###≈≈≈≈..## ##≈≈≈≈≈..#
#≈≈≈≈≈≈.## #≈≈≈≈≈≈≈≈†##
≈≈≈≈≈≈≈≈≈≈∩##


You could see Purgy and a frilled lizard.

Vanquished Creatures
  An ogre (D:4)
  Blork the orc (D:4)
  An orc wizard (D:3)
  A worker ant (D:3)
  A howler monkey skeleton (D:4)
  2 adders
  A worm (D:3)
  4 dart slugs
  A leopard gecko (D:4)
  15 orcs
  8 giant cockroaches
  3 goblins
  10 hobgoblins
  7 kobolds
  2 ball pythons (Sewer)
  9 bats
  5 frilled lizards
  A jackal skeleton (D:4)
  10 rats
83 creatures vanquished.

Notes
Turn   | Place    | Note
-------+----------+-------------------------------------------
     0 | D:1      | dricus the Vampire Assassin began the quest for the Orb.
     0 | D:1      | Reached XP level 1. HP: 16/16 MP: 1/1
    98 | D:1      | Reached skill level 6 in Stealth
   123 | D:1      | Reached XP level 2. HP: 22/22 MP: 2/2
   912 | D:2      | Reached XP level 3. HP: 21/27 MP: 3/3
  1030 | D:2      | Found a snail-covered altar of Cheibriados.
  1142 | D:2      | Found an ancient bone altar of Kikubaaqudgha.
  1266 | D:2      | Found a faded altar of an unknown god.
  1328 | D:2      | Found a white marble altar of Elyvilon.
  1465 | D:2      | Found a blossoming altar of Fedhas.
  1642 | D:3      | Reached XP level 4. HP: 8/34 MP: 4/4
  2573 | D:3      | Reached skill level 7 in Stealth
  2573 | D:3      | Reached XP level 5. HP: 14/32 MP: 5/5
  3272 | D:4      | Noticed an ogre
  3277 | D:4      | Killed an ogre
  3277 | D:4      | Reached skill level 5 in Short Blades
  3285 | D:4      | Noticed Blork the orc
  3308 | D:4      | Killed Blork the orc
  3308 | D:4      | Reached XP level 6. HP: 26/37 MP: 6/6
  3339 | D:4      | Found a glowing drain.
  3354 | Sewer    | Entered a sewer
  3501 | Sewer    | Noticed Purgy
  3542 | Sewer    | Slain by Purgy

Levels and vault maps discovered:
D:1:      dpeg_arrival_shelter, layout_loops_ring, minmay_misc_feat_rugged,
          chequers_big_river, minmay_misc_feat_secret_circle
D:2:      layout_basic, grunt_temple_overflow_growth_and_decay,
          kennysheep_slug_shrine, elyvilon_altar_3,
          chequers_ecumenical_altar_grove, first_ration
D:3:      layout_basic, hangedman_decor_opposing, amethyst_killhole,
          kennysheep_donut
D:4:      layout_cave_pools, gup_sewer_entry_pipe, uniq_blork_the_orc
Sewer:    sewer_co_purgy_island

Skill      XL: |  1  2  3  4  5 |
---------------+----------------+-----
Stealth        | 6 7 |  7.7
Fighting       | 2 3 |  3.3
Short Blades   | 3 4 5 |  5.4
Throwing       | |  1.5
Dodging        | |  1.1

Action                   |  1- 3 |  4- 6 || total
-------------------------+-------+-------++-------
Melee: Dagger            |   168 |   201 ||   369
       Bite              |    21 |    29 ||    50
 Abil: Exsanguinate      |       |     1 ||     1
  Use: Scroll            |       |     8 ||     8
       Potion            |       |     2 ||     2
 Stab: Sleeping          |    10 |    11 ||    21
       Distracted        |       |     1 ||     1
Armor: Robe              |    13 |       ||    13
       Ring mail         |    51 |    88 ||   139
Dodge: Dodged            |    85 |    93 ||   178

Table legend:
 A = Non-vault XP
 B = Vault XP
 C = Vault XP percentage of total XP
 D = Non-vault monster count
 E = Vault monster count
 F = Vault count percentage of total count
                 A         B        C        D         E       F
            +---------+---------+-------+---------+---------+-------
      Total |     364 |     113 |  23.7 |      73 |      10 |  12.0
            +---------+---------+-------+---------+---------+-------
        D:1 |      39 |       0 |   0.0 |      24 |       0 |   0.0
        D:2 |      29 |       4 |  12.1 |      17 |       1 |   5.6
        D:3 |     138 |       0 |   0.0 |      23 |       0 |   0.0
        D:4 |     158 |     105 |  39.9 |       9 |       5 |  35.7
      Sewer |       0 |       4 | 100.0 |       0 |       4 | 100.0
            +---------+---------+-------+---------+---------+-------
